 Dungeon Sprint DCSS version bcrawl-1.23 (webtiles) character file.

Game seed: 9848156759479913739

223 Freyura the Cudgeler (level 5, -4/46 HPs)
             Began as a Demonspawn Berserker on May 24, 2020.
             Was an Elder of Trog.
             Slain by a komodo dragon (12 damage)
             ... in the Dungeon (Sprint IX: "|||||||||||||||||||||||||||||").
             The game lasted 00:03:28 (143 turns).

Freyura the Cudgeler (Demonspawn Berserker)          Turns: 143, Time: 00:03:29

Health: -4/46      AC:  3    Str: 20    XL:     5   Next: 66%
Magic:  5/5        EV: 14    Int:  9    God:    Trog [****..]
Gold:   0          SH:  4    Dex: 13    Spells: 4/4 levels left

rFire    . . .     SeeInvis .   m - +2 dire flail (crush)
rCold    . . .     Gourm    .   (shield currently unavailable)
rNeg     . . .     Faith    .   b - +0 animal skin
rPois    .         Spirit   .   (helmet restricted)
rElec    .         Reflect  .   (no cloak)
rCorr    .         Harm     .   n - +0 pair of gloves
MR       ++...     NoTele   +   (no boots)
Stlth    +.........             (no amulet)
HPRegen  1.15/turn              o - +3 ring of strength
MPRegen  0.09/turn              (no ring)

@: berserk cooldown, very slightly contaminated, regenerating, slowed,
invisible, very slow
A: antennae 1, large bone plates 1, powered by death 2
a: Berserk, Trog's Hand, Brothers in Arms, Renounce Religion


You were in the Dungeon.
You worshipped Trog.
Trog was greatly pleased with you.
You were not hungry.

You visited 1 branch

Inventory:

Hand Weapons
 m - a +2 dire flail of crushing (weapon)
Armour
 b - a +0 animal skin (worn)
 n - a +0 pair of gloves (worn)
Jewellery
 o - a +3 ring of strength (left hand)
Wands
 l - a wand of iceblast (10)
Scrolls
 i - 2 scrolls of blinking
 k - 3 scrolls of remove curse
Potions
 c - 3 potions of heal wounds
 d - 5 potions of curing
 f - a potion of haste
 g - 4 potions of magic
 h - a potion of berserk rage
Comestibles
 e - a ration {!d}


   Skills:
 + Level 6.0 Fighting
 * Level 7.4 Maces & Flails
 + Level 5.0 Armour
 + Level 5.1 Dodging


You had 4 spell levels left.
You didn't know any spells.
Your spell library was empty.

Dungeon Overview and Level Annotations

Branches:
Dungeon (1/1)

Altars:
Cheibriados
Dithmenos
Elyvilon
Fedhas
Gozag
Hepliaklqana
Kikubaaqudgha
Lugonu
Makhleb
Nemelex Xobeh
Okawaru
Qazlal
Ru
Sif Muna
Trog
Uskayaw
Vehumet
Wu Jian
Xom
Yredelemnul
Zin
The Shining One
Beogh
Jiyva


Innate Abilities, Weirdness & Mutations

You have a pair of small antennae on your head.
You are partially covered in large bone plates. (SH +4)
You regenerate health from kills.


Message History

Trog accepts your kill.
Your Fighting skill increases to level 6!
Your Maces & Flails skill increases to level 7!
Your Armour skill increases to level 5!
Your Dodging skill increases to level 5!
You block the komodo dragon's attack.
You puncture the komodo dragon!
The komodo dragon is moderately wounded.
The komodo dragon closely misses you.
You completely miss the komodo dragon.
The komodo dragon is moderately wounded.
The komodo dragon bites you! x2
You hit the komodo dragon.
The komodo dragon is heavily wounded.
The komodo dragon bites you!
* * * LOW HITPOINT WARNING * * *
Your skin crawls.
You feel resistant to hostile enchantments.
You feel somewhat more hungry. The komodo dragon bites you!
You die...

▓+▓
▓.▓
▓Z▓
▓.▓
▓.▓
▓T▓
▓l▓
▓@▓
▓.▓
▓=▓
▓[▓
▓.▓
▓[▓
▓)▓
▓|▓
▓?▓


You could see a komodo dragon, a troll and a jackal skeleton (wandering).

Vanquished Creatures
  An ogre (D)
  A crimson imp (D)
  An iguana (D)
  2 orc wizards (D)
  A worker ant (D)
  A worm (D)
  A ball python (D)
  A bat zombie (D)
  A giant cockroach (D)
  A hobgoblin (D)
  A kobold (D)
  A quokka skeleton (D)
13 creatures vanquished.

Notes
Turn   | Place    | Note
-------+----------+-------------------------------------------
     0 | D        | Freyura the Demonspawn Berserker began the quest for the
                  | Orb.
     0 | D        | Reached XP level 1. HP: 18/18 MP: 1/1
     6 | D        | Reached skill level 3 in Maces & Flails
    13 | D        | Reached ** piety under Trog
    15 | D        | Gained mutation: You have a pair of small antennae on your
                  | head. [demonic ancestry]
    15 | D        | Reached XP level 2. HP: 24/24 MP: 2/2
    59 | D        | Reached *** piety under Trog
    59 | D        | Reached skill level 4 in Maces & Flails
    59 | D        | Gained mutation: You regenerate a little health from kills.
                  | [demonic ancestry]
    59 | D        | Reached XP level 3. HP: 30/30 MP: 3/3
    62 | D        | Reached skill level 5 in Maces & Flails
    64 | D        | Reached **** piety under Trog
    64 | D        | Gained mutation: You are partially covered in large bone
                  | plates. (SH +4) [demonic ancestry]
    64 | D        | Reached XP level 4. HP: 38/38 MP: 4/4
    73 | D        | Found a roughly hewn altar of Beogh.
    73 | D        | Found a snail-covered altar of Cheibriados.
    73 | D        | Found a shadowy altar of Dithmenos.
    73 | D        | Found a white marble altar of Elyvilon.
    73 | D        | Found a blossoming altar of Fedhas.
    73 | D        | Found an opulent altar of Gozag.
    74 | D        | Found a hazy altar of Hepliaklqana.
    75 | D        | Found a viscous altar of Jiyva.
    76 | D        | Found an ancient bone altar of Kikubaaqudgha.
    77 | D        | Found a corrupted altar of Lugonu.
    78 | D        | Found a burning altar of Makhleb.
    79 | D        | Found a sparkling altar of Nemelex Xobeh.
    80 | D        | Found an iron altar of Okawaru.
    81 | D        | Found a stormy altar of Qazlal.
    82 | D        | Found a sacrificial altar of Ru.
    83 | D        | Found a shimmering blue altar of Sif Muna.
    84 | D        | Found a bloodstained altar of Trog.
    85 | D        | Found a hide-covered altar of Uskayaw.
    86 | D        | Found a radiant altar of Vehumet.
    87 | D        | Found an ornate altar of the Wu Jian Council.
    88 | D        | Found a shimmering altar of Xom.
    89 | D        | Found a basalt altar of Yredelemnul.
    90 | D        | Found a glowing silver altar of Zin.
    91 | D        | Found a glowing golden altar of the Shining One.
   130 | D        | Noticed a troll
   130 | D        | Noticed a komodo dragon
   130 | D        | Noticed an ogre
   131 | D        | Reached skill level 5 in Fighting
   134 | D        | Reached skill level 6 in Maces & Flails
   134 | D        | Gained mutation: You regenerate health from kills. [demonic
                  | ancestry]
   134 | D        | Reached XP level 5. HP: 44/44 MP: 5/5
   139 | D        | Killed an ogre
   139 | D        | Reached skill level 7 in Maces & Flails
   139 | D        | Reached skill level 5 in Armour
   139 | D        | Reached skill level 5 in Dodging
   143 | D        | Slain by a komodo dragon

Skill      XL: |  1  2  3  4  5 |
---------------+----------------+-----
Maces & Flails | 3 4 5 6 7 |  7.4
Armour         | 2 3 4 5 |  5.0
Dodging        | 2 3 4 5 |  5.1
Fighting       | 4 5 6 |  6.0

Action                   |  1- 3 |  4- 6 || total
-------------------------+-------+-------++-------
Melee: Mace              |    21 |     2 ||    23
       Dire flail        |       |    11 ||    11
Invok: Berserk           |     2 |     1 ||     3
       Trog's Hand       |       |     1 ||     1
  Use: Potion            |       |     1 ||     1
 Stab: Invisible         |       |     1 ||     1
Armor: Animal skin       |     2 |       ||     2
Dodge: Dodged            |    11 |     2 ||    13
Block: Other             |       |     1 ||     1
